 Dungeon Crawl Stone Soup version 0.27.1-1-g398f81649c (webtiles) character file.

Game seed: 16862387046148998910

3 Rickety the Shield-Bearer (level 1, 0/14 HPs)
             Began as a Gargoyle Fighter on Sept 21, 2021.
             Frozen to death by an endoplasm (3 damage)
             ... on level 1 of the Dungeon.
             The game lasted 00:00:35 (238 turns).

Rickety the Shield-Bearer (Gargoyle Fighter)         Turns: 238, Time: 00:00:35

Health: 0/14       AC:  9    Str: 19    XL:     1   Next: 50%
Magic:  1/1        EV:  7    Int:  8    God:
Gold:   11         SH:  9    Dex:  9    Spells: 0/0 levels left

rFire    . . .     SeeInvis .   a - +0 flail
rCold    . . .     Faith    .   c - +0 kite shield
rNeg     + . .     Spirit   .   b - +0 scale mail
rPois    ∞         Reflect  .   (no helmet)
rElec    +         Harm     .   (no cloak)
rCorr    .         Rampage  .   (no gloves)
Will     .....                  (no boots)
Stlth    ..........             (no amulet)
HPRegen  0.04/turn              (no ring)
MPRegen  0.07/turn              (no ring)

@: no status effects
A: sickness immunity, AC +2, negative energy resistance 1, electricity
resistance, torment resistance 1, petrification resistance
a: no special abilities


You were on level 1 of the Dungeon.
You visited 1 branch of the dungeon, and saw 1 of its levels.

You collected 11 gold pieces.

Inventory:

Hand Weapons
 a - a +0 flail (weapon)
Armour
 b - a +0 scale mail (worn)
 c - a +0 kite shield (worn)
Scrolls
 e - a scroll of magic mapping {unknown}
Potions
 d - a potion of might
 f - a potion of curing {unknown}
 g - a potion of resistance {unknown}


   Skills:
 + Level 3.3 Fighting
 + Level 2.0 Maces & Flails
 + Level 3.3 Armour
 + Level 3.3 Shields


You couldn't memorise any spells.
You didn't know any spells.
Your spell library was empty.

Dungeon Overview and Level Annotations

Branches:
Dungeon (1/15)

Altars:


Innate Abilities, Weirdness & Mutations

You are immune to sickness and miasma.
Your stone body is resilient. (AC +2)
You are immune to poison.
You resist negative energy. (rN+)
You are resistant to electric shocks. (rElec)
You are resistant to unholy torment.
You are immune to petrification.


Message History

The goblin hits you but does no damage.
You barely miss the goblin. You block the goblin's attack.
The goblin barely misses you.
An endoplasm comes into view.
You closely miss the goblin.
The endoplasm quivers.
You block the goblin's attack.
You barely miss the goblin. The goblin hits you with a +0 dagger.
The goblin completely misses you.
You barely miss the goblin. You block the goblin's attack.
You block the endoplasm's attack. You block the goblin's attack.
You completely miss the goblin. The goblin barely misses you.
You thump the goblin!
You kill the goblin!
The endoplasm freezes you.
You are frozen.
You hit the endoplasm.
The endoplasm is lightly wounded.
The endoplasm hits you but does no damage.
You hit the endoplasm but do no damage. You block the endoplasm's attack.
The endoplasm closely misses you.
You hit the endoplasm.
The endoplasm is moderately wounded.
The endoplasm barely misses you.
You hit the endoplasm.
The endoplasm is severely wounded.
The endoplasm freezes you.
You are frozen.
* * * LOW HITPOINT WARNING * * *
The endoplasm freezes you.
You are frozen.
* * * LOW HITPOINT WARNING * * *
The endoplasm jiggles.
Found a chain mail.
Found an escape hatch in the floor.
You see here a +0 chain mail.
The endoplasm freezes you.
You are frozen.
You die...

#....#.###..#.#
#########...........#
♣♣♣♣≈≈≈≈♣♣♣##...####...#
♣♣≈≈≈≈≈.≈≈≈♣♣#.#######..#####
≈≈≈≈≈.≈8≈≈≈≈≈.##......>.....#
#≈≈≈≈≈.8≈≈≈≈♣♣ #.##########.#
####.≈≈≈≈....♣♣#.#
.'.#...####...♣#J#
.###..##..##...#@#
...'..#....#...#.#
####..#...##..♣#.#
♣.....#'###♣..♣#.#
....♣♣#.#♣♣..###'###
.######.#♣...'.....#
.'...'..#♣.###.....#
.'...'..#♣## #.....#
♣######## #.....#


You could see an endoplasm.

Vanquished Creatures
  An endoplasm (D:1)
  A goblin (D:1)
  A frilled lizard (D:1)
3 creatures vanquished.

Notes
Turn   | Place    | Note
-------+----------+-------------------------------------------
     0 | D:1      | Rickety the Gargoyle Fighter began the quest for the Orb.
     0 | D:1      | Reached XP level 1. HP: 14/14 MP: 1/1
   238 | D:1      | Frozen to death by an endoplasm

Illustrated notes

Levels and vault maps discovered:
D:1:      sevenhm_arrival_forest_fort_small_5, layout_basic

Action                   || total
-------------------------++-------
Melee: Flail             ||    12
Armor: Scale mail        ||     2
Dodge: Dodged            ||     5
Block: Kite shield       ||     7
